 Dungeon Crawl Stone Soup version 0.26.0-10-g1f06aea511 (webtiles) character file.

Game seed: 7264758788518251060

695 Borgoz the Slasher (level 7, 0/59 HPs)
             Began as a Ghoul Gladiator on Jan 18, 2021.
             Was a Follower of Okawaru.
             Killed by divine providence
             ... invoked by an orc priest
              (17 damage)
             ... on level 5 of the Dungeon.
             The game lasted 00:05:38 (5665 turns).

Borgoz the Slasher (Ghoul Gladiator)                Turns: 5665, Time: 00:05:39

Health: 0/59       AC: 11    Str: 18    XL:     7   Next: 64%
Magic:  7/7        EV: 12    Int:  3    God:    Okawaru [*.....]
Gold:   249        SH:  0    Dex: 12    Spells: 6/6 levels left

rFire    . . .     SeeInvis .   a - +0 long sword
rCold    + . .     Faith    .   (no shield)
rNeg     + + +     Spirit   .   t - +0 ring mail
rPois    ∞         Reflect  .   c - +0 helmet
rElec    .         Harm     .   m - +0 cloak
rCorr    .         Rampage  .   (no gloves)
Will     .....                  f - +2 pair of boots
Stlth    +.........             (no amulet)
HPRegen  0.00/turn              (no ring)
MPRegen  0.10/turn              (no ring)

@: no status effects
A: claws 1, cold resistance 1, negative energy resistance 3, inhibited
regeneration, torment resistance, unbreathing
a: Renounce Religion, Heroism


You were on level 5 of the Dungeon.
You worshipped Okawaru.
Okawaru was aware of your devotion.
You visited 1 branch of the dungeon, and saw 5 of its levels.

You collected 249 gold pieces.

Inventory:

Hand Weapons
 a - a +0 long sword (weapon)
Missiles
 d - 2 throwing nets (quivered)
Armour
 c - a +0 helmet (worn)
 f - a +2 pair of boots (worn)
 m - a +0 cloak (worn)
 t - a +0 ring mail (worn)
Wands
 q - a wand of acid (10)
Scrolls
 e - 5 scrolls of remove curse
 h - 3 scrolls of fog
 j - a scroll of teleportation {unknown}
 k - 2 scrolls of blinking {unknown}
 o - a scroll of enchant armour {unknown}
 s - a scroll of enchant weapon {unknown}
Potions
 i - 2 potions of curing
 l - a potion of resistance {unknown}
 p - 2 potions of might
 r - 2 potions of brilliance {unknown}


   Skills:
 + Level 4.1 Fighting
 * Level 5.1 Long Blades
 - Level 1.7 Throwing
 * Level 3.4 Armour
 + Level 4.0 Dodging
 + Level 2.1 Invocations


You had 6 spell levels left.
You didn't know any spells.
Your spell library was empty.

Dungeon Overview and Level Annotations

Branches:
Dungeon (5/15)
 Temple: D:4-7

Altars:
Okawaru
Uskayaw
The Shining One


Innate Abilities, Weirdness & Mutations

You thrive by killing the living.
You are immune to poison.
You have sharp fingernails.
Your flesh is cold resistant. (rC+)
You are immune to negative energy. (rN+++)
You do not regenerate when monsters are visible.
You are immune to unholy pain and torment.
You can survive without breathing.


Message History

* * * LOW HITPOINT WARNING * * *
You hit the orc but do no damage. The orc hits you but does no damage.
You hit the orc but do no damage.
The orc wizard gestures at itself while chanting.
The orc wizard flickers and vanishes!
Deactivating autopickup; reactivate with Ctrl-A.
The orc hits you but does no damage.
You slash the orc!
You kill the orc!
Okawaru accepts your kill.
The orc priest hits you but does no damage.
You barely miss the orc priest. The orc priest barely misses you.
You slash the orc priest!
The orc priest is severely wounded.
The orc priest closely misses you.
You hit the orc priest.
The orc priest is almost dead.
The orc priest calls down the wrath of Beogh upon you.
Beogh smites you!
You die...

#..|..#........#
###.#........###
#.#.###.####
##########.#.#
#.#
...........#.#
#.#
############.#
#.#
############.#
#.#
.....>.......#
#.#
##############
#@# #o# #{# #o#
#.# #.# #.# #.#


You could see an orc priest and an orc.

Vanquished Creatures
  An ogre (D:5)
  2 scorpions (D:4)
  A bullfrog zombie (D:5)
  An orc priest (D:3)
  3 orc wizards (D:4)
  A bullfrog skeleton (D:4)
  A hound (D:5)
  Crazy Yiuf (D:2)
  A centaur skeleton (D:4)
  An iguana (D:5)
  2 worker ants (D:4)
  A worker ant zombie (D:5)
  Robin (D:2)
  3 adders
  A white imp (D:5)
  An ufetubus (D:2)
  An ooze (D:4)
  An adder skeleton (D:4)
  2 worms
  2 dart slugs
  2 leopard geckos
  12 orcs
  2 giant cockroaches (D:1)
  10 hobgoblins
  10 kobolds
  2 quokkas
  A ball python (D:4)
  6 bats
  5 frilled lizards
  14 goblins
  11 rats
103 creatures vanquished.

Vanquished Creatures (others)
  2 fungi (D:2)
2 creatures vanquished.

Grand Total: 105 creatures vanquished

Notes
Turn   | Place    | Note
-------+----------+-------------------------------------------
     0 | D:1      | Borgoz the Ghoul Gladiator began the quest for the Orb.
     0 | D:1      | Reached XP level 1. HP: 17/17 MP: 0/0
    11 | D:1      | Noticed a bullfrog
   300 | D:1      | Reached XP level 2. HP: 16/25 MP: 1/1
   509 | D:1      | Reached skill level 3 in Long Blades
   643 | D:1      | Reached XP level 3. HP: 20/30 MP: 2/2
  1046 | D:2      | Noticed Robin
  1058 | D:1      | Reached skill level 1 in Armour
  1271 | D:2      | Killed Robin
  1471 | D:2      | Reached XP level 4. HP: 33/37 MP: 3/3
  2416 | D:2      | Found a runed translucent door.
  2417 | D:2      | Noticed Crazy Yiuf
  2426 | D:2      | Killed Crazy Yiuf
  2427 | D:2      | Reached XP level 5. HP: 33/45 MP: 2/4
  3171 | D:3      | Reached skill level 4 in Long Blades
  3387 | D:3      | Found a hide-covered altar of Uskayaw.
  3562 | D:4      | Found an iron altar of Okawaru.
  3588 | D:4      | Became a worshipper of Warmaster Okawaru
  3649 | D:4      | Reached XP level 6. HP: 34/51 MP: 5/5
  3833 | D:4      | Reached skill level 1 in Invocations
  4075 | D:4      | Reached * piety under Okawaru
  4440 | D:4      | Reached XP level 7. HP: 42/58 MP: 7/7
  4832 | D:5      | Entered Level 5 of the Dungeon
  4962 | D:5      | Reached skill level 5 in Long Blades
  5110 | D:5      | Found a glowing golden altar of the Shining One.
  5665 | D:5      | Killed from afar by an orc priest

Illustrated notes

Levels and vault maps discovered:
D:1:      evilmike_arrival_come_back, layout_loops_ring
D:2:      layout_rooms, dk_noncrumbling_3, uniq_robin, uniq_crazy_yiuf_cottage
D:3:      layout_basic, lemuel_doored_altar
D:4:      layout_basic, okawaru_gym_becter
D:5:      layout_loops_ring, chequers_temple_overflow_minitemple, basic_altar

Skill      XL: |  1  2  3  4  5  6  7 |
---------------+----------------------+-----
Long Blades    | 3 4 5 |  5.1
Dodging        | 3 4 |  4.0
Armour         | 1 2 3 |  3.4
Fighting       | 3 4 |  4.1
Invocations    | 1 2 |  2.1
Throwing       | |  1.7

Action                   |  1- 3 |  4- 6 |  7- 9 || total
-------------------------+-------+-------+-------++-------
Melee: Long sword        |    96 |   223 |    71 ||   390
Throw: Throwing net      |     2 |     1 |       ||     3
  Use: Scroll            |       |     9 |     1 ||    10
       Potion            |       |     3 |     2 ||     5
 Stab: Sleeping          |       |     1 |       ||     1
Armor: Leather armour    |    23 |    60 |     7 ||    90
       Ring mail         |       |       |    12 ||    12
Dodge: Dodged            |    85 |   161 |    43 ||   289
       Rpst.: Long sword |    33 |    43 |    12 ||    88
